 Dungeon Crawl Stone Soup version 0.30.0-16-gbe6223bb7e (webtiles) character file.

Game seed: 8428030637176819957

16 SnakkuSnakku7 the Charlatan (level 2, 25/25 HPs)
             Began as an Armataur Artificer on May 21, 2023.
             Was a Follower of Vehumet.
             Got out of the dungeon alive.
             The game lasted 00:00:44 (198 turns).

SnakkuSnakku7 the Charlatan (Armataur Artificer)     Turns: 198, Time: 00:00:45

Health: 25/25      AC:  5    Str: 17    XL:     2   Next: 41%
Magic:  2/2        EV:  9    Int: 11    God:    Vehumet [*.....]
Gold:   24         SH:  0    Dex: 10    Spells: 1/1 levels left

rFire   . . .        a - +0 mace
rCold   . . .        (no shield)
rNeg    . . .        b - +0 leather armour
rPois   .            (no helmet)
rElec   .            f - +0 cloak
rCorr   .            (no gloves)
SInv    .            (no barding)
Will    .....        (no amulet)
Stlth   +            (no ring)
HPRegen 0.24/turn    (no ring)
MPRegen 0.08/turn

%: roll
@: no status effects
A: large, rugged brown scales 3, deformed body, armoured tail, roll, long
tongue, awkward tongue
a: Renounce Religion


You escaped.
You worshipped Vehumet.
Vehumet was aware of your devotion.
You visited 1 branch of the dungeon, and saw 1 of its levels.

You collected 24 gold pieces.

Inventory:

Hand Weapons
 a - a +0 mace (weapon)
 i - a +0 club
Armour
 b - a +0 leather armour (worn)
 f - a +0 cloak (worn)
Wands
 c - a wand of flame (15) (quivered)
 d - a wand of charming (15)
 e - a wand of iceblast (5)
Scrolls
 g - a scroll of vulnerability {unknown}
 j - a scroll of immolation {unknown}
 k - a scroll of enchant armour {unknown}
Potions
 h - a potion of flight {unknown}


   Skills:
 + Level 2.1 Fighting
 + Level 0.5 Maces & Flails
 - Level 2.4 Armour
 - Level 0.6 Dodging
 - Level 1.1 Stealth
 - Level 3.0 Evocations


You had one spell level left.
You didn't know any spells.
Your spell library was empty.

Dungeon Overview and Level Annotations

Branches:
Dungeon (1/15)

Altars:
Vehumet


Innate Abilities, Weirdness & Mutations

You are completely covered in rugged brown scales. (AC +3, +7% HP)
Armour fits poorly on your strangely shaped body.
You have a long armoured tail.
You roll when moving toward enemies. (Rampage)
Your long tongue fully drains potion bottles. (2x potion effects)
Your tongue gives you trouble enunciating. (1.5x scroll delay)


Message History

Unknown command.
You hit the quokka.
You kill the quokka!
No target in view!
You see here a quokka corpse.
You start putting on your armour.
You continue putting on your +0 cloak. x4
You finish putting on your +0 cloak.
You now have 24 gold pieces (gained 13).
j - a scroll labelled NEPSER ZIMIE
k - a scroll labelled QOTUEM GANE
Found a faded altar of an unknown god.
A giant cockroach comes into view.
No target in view!
No target in view!
No target in view!
Found a scroll labelled BIORROQ NACWU.
There is a faded altar of an unknown god here.
You closely miss the giant cockroach.
The giant cockroach bites you but does no damage. x2
You closely miss the giant cockroach.
The giant cockroach bites you but does no damage. x2
You hit the giant cockroach.
You kill the giant cockroach!
No target in view!
No target in view!
This altar belongs to (a) Gozag, (b) Lugonu or (c) Vehumet, but you can't tell which.
Press the corresponding letter to learn more about a god, or press enter to convert or escape to cancel.
Okay, then.
This altar belongs to (a) Gozag, (b) Lugonu or (c) Vehumet, but you can't tell which.
Press the corresponding letter to learn more about a god, or press enter to convert or escape to cancel.
Vehumet accepts your prayer! Vehumet welcomes you!
You can now gain magical power from killing.
Vehumet offers you knowledge of Foxfire.
You see here a rat corpse.
There is an open door here.
There is a staircase leading out of the dungeon here.
Are you sure you want to leave the Dungeon?
This will make you lose the game!
Alright, then stay!
Unknown command.
Are you sure you want to leave the Dungeon?
This will make you lose the game!
You have escaped!

#.........#.#.†)†##
#.#########.#....##
#...'.#.(..# #
#.#.###...... #.
#.#...#..##.#
##.########.#####...
.#
#...............#...
..
#.###.##.###.##.#..
.. #.....@#.#......#
#################


There were no monsters in sight!

Vanquished Creatures
  A dart slug (D:1)
  3 ball pythons (D:1)
  A bat (D:1)
  2 giant cockroaches (D:1)
  2 goblins (D:1)
  A hobgoblin (D:1)
  A quokka (D:1)
  A rat (D:1)
12 creatures vanquished.

Notes
Turn   | Place    | Note
-------+----------+-------------------------------------------
     0 | D:1      | SnakkuSnakku7 the Armataur Artificer began the quest for
                  | the Orb.
     0 | D:1      | Reached XP level 1. HP: 16/16 MP: 1/1
    34 | D:1      | Reached skill level 1 in Fighting
   100 | D:1      | Reached XP level 2. HP: 23/25 MP: 2/2
   142 | D:1      | Found a faded altar of an unknown god.
   150 | D:1      | Prayed at the altar of an unknown god.
   150 | D:1      | Became a worshipper of Vehumet
   150 | D:1      | Reached * piety under Vehumet
   150 | D:1      | Offered knowledge of Foxfire by Vehumet.
   198 | D:$      | Got out of the dungeon alive.

Illustrated notes

Levels and vault maps discovered:
D:1:      onia_arrival_mini_maze, layout_rooms, shapermc_ecumenical_altar_venn

Skill      XL: |  1  2 |
---------------+-------+-----
Fighting       | 1 2 |  2.1
Maces & Flails | |  0.5
Armour         | |  2.4
Dodging        | |  0.6
Stealth        | |  1.1
Evocations     | |  3.0

Action                     || total
---------------------------++-------
  Melee: Club              ||    31
         Tailslap          ||     6
         Mace              ||    14
         Punch             ||     1
 Armour: Leather armour    ||    32
  Dodge: Dodged            ||    33
